 Dungeon Crawl Stone Soup version 0.28.0-53-g5a82cb258f (webtiles) character file.

Game seed: 13412718882840473005

44 Zeld the Skirmisher (level 3, -4/34 HPs)
             Began as a Minotaur Berserker on May 22, 2022.
             Was a Believer of Trog.
             Slain by Natasha (8 damage)
             ... on level 2 of the Dungeon.
             The game lasted 00:01:02 (1394 turns).

Zeld the Skirmisher (Minotaur Berserker)            Turns: 1394, Time: 00:01:03

Health: -4/34      AC:  2    Str: 23    XL:     3   Next: 41%
Magic:  2/2        EV: 12    Int:  4    God:    Trog [**....]
Gold:   49         SH:  0    Dex:  9    Spells: 2/2 levels left

rFire   . . .      SeeInvis .   a - +0 hand axe
rCold   . . .      Faith    .   (no shield)
rNeg    . . .      Spirit   .   b - +0 animal skin
rPois   .          Reflect  .   (helmet restricted)
rElec   .          Harm     .   (no cloak)
rCorr   .          Rampage  .   (no gloves)
Will    .....                   (no boots)
Stlth   +.........              (no amulet)
HPRegen 0.11/turn               (no ring)
MPRegen 0.08/turn               (no ring)

@: slowed, very slow
A: horns 2, retaliatory headbutt
a: Renounce Religion, Berserk, Trog's Hand


You were on level 2 of the Dungeon.
You worshipped Trog.
Trog was pleased with you.
You visited 1 branch of the dungeon, and saw 2 of its levels.

You collected 49 gold pieces.

Inventory:

Hand Weapons
 a - a +0 hand axe (weapon)
Armour
 b - a +0 animal skin (worn)
Scrolls
 d - a scroll of noise {unknown}
 e - a scroll of fog {unknown}
Potions
 c - a potion of heal wounds
 f - a potion of degeneration {unknown}


   Skills:
 * Level 4.3 Fighting
 * Level 4.2 Axes
 + Level 3.0 Armour
 + Level 2.5 Dodging


You had 2 spell levels left.
You didn't know any spells.
Your spell library was empty.

Dungeon Overview and Level Annotations

Branches:
Dungeon (2/15)

Altars:

Annotations:
D:2 Natasha


Innate Abilities, Weirdness & Mutations

You have a pair of horns on your head.
You reflexively headbutt those who attack you in melee.


Message History

Natasha mumbles some strange words.
You feel troubled.
Natasha growls.
Natasha zaps a wand.
The puff of flame hits you!
Natasha hisses.
There is a stone staircase leading up here.
You climb upwards.
There is a stone staircase leading down here.
You start resting.
You start resting.
HP restored.
You climb downwards.
Level annotation: Natasha
There is a stone staircase leading up here.
You slash Natasha!
Natasha is heavily wounded.
Natasha barely misses you. You furiously retaliate!
You headbutt Natasha. You barely miss Natasha.
Natasha is almost dead.
Natasha zaps a wand.
The puff of flame hits you.
The now-empty wand crumbles to dust.
You miss Natasha.
Natasha is almost dead.
Natasha claws you.
Natasha drinks a potion.
Natasha is healed!
You slash Natasha!
Natasha is heavily wounded.
Natasha stares at you and mumbles some strange words.
You feel yourself slow down.
You completely miss Natasha. Your headbutt misses Natasha.
Natasha is heavily wounded.
Natasha claws you.
You hit Natasha.
Natasha is severely wounded.
Natasha claws you. Natasha claws you!
* * * LOW HITPOINT WARNING * * *
Unknown command.
You hit Natasha. You headbutt Natasha.
Natasha is almost dead.
Natasha claws you!
You die...

....(?+.#...............#
......#.#..######.##..######
......#.#..######...........
......#....#................
......##...#.####...........
.............#.....#.#######
.............#.##..#.#
.............#.#<..#.#
...........(.#.#@..#.#
...$ยง........#.#h..#.#
.............#.#...#.#
######.......#.#...#.#
#.......#.##.##.#
#.......#.......#
####....####.########
#...h.............
#.........########


You could see Natasha.

Vanquished Creatures
  A dart slug (D:1)
  8 ball pythons (D:1)
  5 bats
  4 endoplasms
  2 giant cockroaches
  4 hobgoblins
  A kobold (D:1)
  2 quokkas (D:1)
  3 frilled lizards (D:1)
  2 goblins (D:1)
  5 rats (D:1)
37 creatures vanquished.

Notes
Turn   | Place    | Note
-------+----------+-------------------------------------------
     0 | D:1      | Zeld the Minotaur Berserker began the quest for the Orb.
     0 | D:1      | Reached XP level 1. HP: 19/19 MP: 0/0
   146 | D:1      | Reached XP level 2. HP: 24/27 MP: 1/1
   574 | D:1      | Reached XP level 3. HP: 32/33 MP: 2/2
   578 | D:1      | Found a faded altar of an unknown god.
   583 | D:1      | Reached ** piety under Trog
  1198 | D:2      | Noticed Natasha
  1394 | D:2      | Slain by Natasha

Illustrated notes

Levels and vault maps discovered:
D:1:      dpeg_arrival_simpleton_a, layout_basic, basic_ecumenical_altar
D:2:      layout_basic, minmay_split_cup_small, uniq_natasha

Skill      XL: |  1  2  3 |
---------------+----------+-----
Fighting       | 4 |  4.3
Axes           | 4 |  4.2
Armour         | 3 |  3.0
Dodging        | |  2.5

Action                   || total
-------------------------++-------
Melee: Hand axe          ||    58
       Headbutt          ||     5
 Stab: Sleeping          ||     1
Armor: Animal skin       ||    12
Dodge: Dodged            ||    35
